 Dungeon Crawl Stone Soup version 0.21.0 (webtiles) character file.

9529 wojtek the Cleaver (level 11, -2/97 HPs)
             Began as a Minotaur Fighter on Jan 7, 2018.
             Was an Elder of Makhleb.
             Slain by tsouns's ghost (13 damage)
             ... on level 1 of the Lair of Beasts.
             The game lasted 00:17:29 (11256 turns).

wojtek the Cleaver (Minotaur Fighter)              Turns: 11256, Time: 00:17:29

Health: -2/97      AC: 17    Str: 23    XL:     11   Next: 24%
Magic:  17/17      EV:  7    Int:  5    God:    Makhleb [****..]
Gold:   491        SH:  9    Dex: 11    Spells: 10/10 levels left

rFire    . . .     SeeInvis .   a - +0 war axe
rCold    . . .     Gourm    .   c - +0 shield
rNeg     . . .     Faith    .   x - +0 chain mail
rPois    .         Spirit   .   (helmet restricted)
rElec    .         Reflect  .   g - +2 cloak
rCorr    .         Harm     .   e - +0 pair of gloves
MR       .....                  M - +0 pair of boots
Stlth    ..........             u - amulet of rage
HPRegen  0.26/turn              (no ring)
MPRegen  0.15/turn              (no ring)

@: no status effects
A: retaliatory headbutt, horns 2
a: Minor Destruction, Lesser Servant of Makhleb, Major Destruction, Renounce
Religion, Evoke Berserk Rage


You were on level 1 of the Lair of Beasts.
You worshipped Makhleb.
Makhleb was greatly pleased with you.
You were not hungry.

You visited 2 branches of the dungeon, and saw 9 of its levels.
You also visited: Ossuary.

You collected 491 gold pieces.

Inventory:

Hand Weapons
 a - a +0 war axe (weapon)
Missiles
 q - 387 stones (quivered)
 v - 9 tomahawks
 y - a tomahawk of dispersal
Armour
 b - a +0 scale mail
 c - a +0 shield (worn)
 e - a +0 pair of gloves (worn)
 g - a +2 cloak (worn)
 x - a +0 chain mail (worn)
 M - a +0 pair of boots (worn)
Jewellery
 u - an amulet of rage (around neck)
 I - an uncursed ring of protection from fire {unknown}
Wands
 L - a wand of acid (12)
Scrolls
 k - 2 scrolls of remove curse
 l - a scroll of enchant armour
 n - 9 scrolls of identify
 p - 4 scrolls of teleportation
 t - 3 scrolls of blinking
 D - a scroll of fear
 E - 4 scrolls of fog {unknown}
 F - a scroll of random uselessness
 J - 2 scrolls of amnesia
 K - a scroll of immolation {unknown}
 N - a scroll of enchant weapon {unknown}
Potions
 d - a potion of might
 h - 2 potions of curing
 i - a potion of cancellation {unknown}
 j - 2 potions of flight {unknown}
 m - 2 potions of haste {unknown}
 o - 2 potions of heal wounds
 r - a potion of degeneration {unknown}
 s - 3 potions of brilliance {unknown}
 w - 4 potions of resistance {unknown}
 z - a potion of mutation {unknown}
 A - a potion of lignification {unknown}
 B - a potion of agility {unknown}
 H - a potion of invisibility
Books
 C - a book of Cantrips

   Spells                             Type                      Level
   a - Confusing Touch                Hexes                        1
   b - Animate Skeleton               Necromancy                   1
   c - Summon Small Mammal            Summoning                    1
   d - Apportation                    Translocation                1
 G - a book of Maledictions

   Spells                             Type                      Level
   a - Corona                         Hexes                        1
   b - Ensorcelled Hibernation        Hexes/Ice                    2
   c - Confuse                        Hexes                        3
   d - Tukima's Dance                 Hexes                        3
   e - Dazzling Spray                 Conjuration/Hexes            3
Comestibles
 f - 18 rations


   Skills:
 + Level 9.4 Fighting
 * Level 12.2 Axes
 + Level 9.4 Armour
 * Level 1.8 Dodging
 - Level 3.6 Shields
 * Level 10.0 Invocations


You had 10 spell levels left.
You didn't know any spells.

Dungeon Overview and Level Annotations

Branches:
Dungeon (8/15)             Temple (0/1) D:7            Lair (1/6) D:8

Altars:
Ashenzari
Cheibriados
Dithmenos
Fedhas
Gozag
Kikubaaqudgha
Makhleb
Nemelex Xobeh
Okawaru
Sif Muna
Trog
Uskayaw
Wu Jian
Zin
The Shining One

Annotations:
D:6 dancing weapons wall
D:8 2 runed doors
Lair:1 tsouns's ghost, journeyman KoBe


Innate Abilities, Weirdness & Mutations

You reflexively headbutt those who attack you in melee.
You have a pair of horns on your head.


Message History

Your smoke demon completely misses tsouns's ghost.
Your smoke demon closely misses tsouns's ghost.
Your smoke demon misses tsouns's ghost.
You block tsouns's ghost's attack.
You closely miss tsouns's ghost. Your headbutt misses tsouns's ghost.
Tsouns's ghost is heavily damaged.
Your smoke demon hits tsouns's ghost but does no damage.
Your smoke demon closely misses tsouns's ghost. x2
Tsouns's ghost hits your smoke demon!
You miss tsouns's ghost.
Tsouns's ghost is heavily damaged.
Your smoke demon hits tsouns's ghost but does no damage.
Your smoke demon barely misses tsouns's ghost.
Your smoke demon misses tsouns's ghost.
Tsouns's ghost hits your smoke demon!!
Your smoke demon dies!
Tsouns's ghost turns its malevolent gaze towards you.
A demon appears!
Tsouns's ghost hits you!
* * * LOW HITPOINT WARNING * * *
Unknown command.
A demon appears!
Tsouns's ghost hits you!
You die...

### #....## #####..#
#......####
#......#P.#### .
#............# (..
#.......###..###.....
#......###.#...'.....
#.....W######h##.....
#....44@# ### .##
###..#### #.. ##. ..
.. ...


You could see tsouns's ghost and 2 friendly hellwings.

Vanquished Creatures
  A rakshasa (D:8)
  The ghost of Suckerboh the Ruffian, a novice TrAr (D:5)
  A spiny frog (Lair:1)
  A komodo dragon (Lair:1)
  Prince Ribbit (D:7)
  Grinder (D:3)
  A spriggan (D:8)
  A vampire (D:8)
  A wyvern (D:8)
  6 yaks (Lair:1)
  A hungry ghost (D:6)
  2 steam dragons (D:6)
  Eustachio (D:6)
  Menkaure (D:6)
  2 porcupines (Lair:1)
  2 water moccasins (Lair:1)
  Duvessa (D:7)
  5 sky beasts
  An orc warrior (D:8)
  An eye of draining (D:4)
  3 ice beasts
  4 necrophages (D:8)
  6 ogres
  4 wolves (Lair:1)
  4 centaurs
  3 crocodiles
  4 bullfrogs
  Dowan (D:7)
  3 scorpions (D:8)
  7 wights (D:8)
  6 crimson imps
  Crazy Yiuf (D:3)
  A hound (D:7)
  3 human zombies (D:8)
  2 jellies (D:7)
  A centaur zombie (D:6)
  4 orc priests
  8 orc wizards
  A bullfrog skeleton (D:7)
  A centaur skeleton (D:6)
  A human skeleton (D:8)
  4 iguanas
  4 worker ants
  A killer bee zombie (D:8)
  A hound zombie (D:8)
  13 mummies
  A howler monkey zombie (D:5)
  A worker ant zombie (D:7)
  7 gnolls (D:5)
  6 adders
  2 howler monkey skeletons (D:5)
  2 shadow imps
  4 oozes
  6 adder skeletons
  4 worms
  2 dart slugs
  5 leopard geckos
  37 orcs
  7 bats
  8 giant cockroaches
  12 goblins
  6 hobgoblins
  8 jackals
  A quokka (D:2)
  A ball python (D:6)
  6 frilled lizards
  A gnoll skeleton (Ossuary)
  2 goblin skeletons (Ossuary)
  A goblin zombie (D:8)
  6 kobolds
  2 leopard gecko zombies
  5 orc skeletons
  An orc zombie (D:8)
  6 rats
  11 rat skeletons (Ossuary)
  A rat zombie (D:8)
  3 fungi (D:6)
288 creatures vanquished.

Vanquished Creatures (collateral kills)
  A two-headed ogre (D:6)
  An orc (D:6)
2 creatures vanquished.

Vanquished Creatures (others)
  An adder (D:2)
  An orc skeleton (Ossuary)
  18 fungi
  3 plants
23 creatures vanquished.

Grand Total: 313 creatures vanquished

Notes
Turn   | Place    | Note
-------+----------+-------------------------------------------
     0 | D:1      | wojtek the Minotaur Fighter began the quest for the Orb.
     0 | D:1      | Reached XP level 1. HP: 19/19 MP: 0/0
    67 | D:1      | You fall through a shaft!
    77 | D:2      | Reached XP level 2. HP: 24/27 MP: 1/1
   120 | D:2      | Reached skill level 3 in Axes
   356 | D:2      | Noticed a crimson imp
   362 | D:2      | Killed a crimson imp
   362 | D:2      | Reached skill level 4 in Axes
   362 | D:2      | Reached XP level 3. HP: 32/33 MP: 2/2
   406 | D:2      | Found a faded altar of an unknown god.
   470 | D:2      | Found a burning altar of Makhleb.
   478 | D:2      | Became a worshipper of Makhleb the Destroyer
   526 | D:1      | Reached XP level 4. HP: 35/40 MP: 3/3
  1026 | D:2      | Found a shattered altar of Ashenzari.
  1026 | D:2      | Found a glowing golden altar of the Shining One.
  1129 | D:2      | Reached * piety under Makhleb
  1349 | D:3      | Reached skill level 1 in Invocations
  1504 | D:3      | Reached XP level 5. HP: 30/47 MP: 3/5
  1510 | D:3      | Reached skill level 5 in Axes
  1733 | D:3      | Reached XP level 6. HP: 54/55 MP: 6/6
  2109 | D:3      | Noticed Grinder
  2124 | D:3      | Killed Grinder
  2124 | D:3      | Reached skill level 5 in Fighting
  2124 | D:3      | Reached skill level 5 in Armour
  2183 | D:3      | Found a runed door.
  2596 | D:3      | Noticed Crazy Yiuf
  2604 | D:3      | Killed Crazy Yiuf
  2604 | D:3      | Reached XP level 7. HP: 12/61 MP: 8/8
  2862 | D:4      | Reached skill level 6 in Axes
  3237 | D:4      | Reached ** piety under Makhleb
  3823 | D:5      | Entered Level 5 of the Dungeon
  3890 | D:5      | Noticed Suckerboh's ghost (novice TrAr)
  3901 | D:5      | Killed Suckerboh's ghost
  3901 | D:5      | Reached skill level 7 in Axes
  3901 | D:5      | Reached XP level 8. HP: 60/70 MP: 10/10
  3968 | D:5      | Reached skill level 5 in Invocations
  4094 | D:5      | Found a glowing silver altar of Zin.
  4458 | D:5      | Reached skill level 8 in Axes
  4678 | D:5      | Found a bloodstained altar of Trog.
  4679 | D:5      | Found an ornate altar of the Wu Jian Council.
  4679 | D:5      | Found a blossoming altar of Fedhas.
  4679 | D:5      | Found a shadowy altar of Dithmenos.
  4682 | D:5      | Found an iron altar of Okawaru.
  4683 | D:5      | Found a snail-covered altar of Cheibriados.
  4860 | D:6      | Reached XP level 9. HP: 78/78 MP: 12/12
  4882 | D:6      | Noticed Eustachio
  4899 | D:6      | Killed Eustachio
  4908 | D:6      | Reached skill level 9 in Axes
  4965 | D:6      | Reached *** piety under Makhleb
  5022 | D:6      | Noticed a two-headed ogre
  5040 | D:6      | HP: 1/79 [two-headed ogre/giant spiked club (12)]
  5116 | D:6      | Killed a two-headed ogre
  5411 | D:6      | Noticed a dagger
  5412 | D:6      | Noticed a dagger
  5413 | D:6      | Found a hide-covered altar of Uskayaw.
  5843 | D:6      | Noticed Menkaure
  5851 | D:6      | Killed Menkaure
  6103 | D:6      | Reached skill level 10 in Axes
  6652 | D:7      | Found a staircase to the Ecumenical Temple.
  6677 | D:7      | Noticed Dowan
  6678 | D:7      | Noticed Duvessa
  6689 | D:7      | Killed Duvessa
  6690 | D:7      | Killed Dowan
  6767 | D:7      | Reached XP level 10. HP: 82/88 MP: 13/15
  6871 | D:7      | Noticed Prince Ribbit
  6909 | D:7      | Killed Prince Ribbit
  7281 | D:7      | Found an opulent altar of Gozag.
  7524 | D:7      | Found a deep blue altar of Sif Muna.
  8065 | D:8      | Found a sparkling altar of Nemelex Xobeh.
  8097 | D:8      | Found a sand-covered staircase.
  8107 | Ossuary  | Entered an ossuary
  8215 | Ossuary  | Reached **** piety under Makhleb
  8405 | D:8      | Reached skill level 11 in Axes
  8514 | D:8      | Found a staircase to the Lair.
  8780 | D:8      | Noticed a rakshasa
  8783 | D:8      | Found a large runed door.
  9555 | D:8      | Found a large runed door.
  9714 | D:8      | Killed a rakshasa
 10134 | D:8      | Found an ancient bone altar of Kikubaaqudgha.
 10391 | Lair:1   | Entered Level 1 of the Lair of Beasts
 10456 | Lair:1   | Reached XP level 11. HP: 82/97 MP: 17/17
 10469 | Lair:1   | Reached skill level 12 in Axes
 10668 | Lair:1   | Reached skill level 1 in Dodging
 11180 | Lair:1   | Noticed tsouns's ghost (journeyman KoBe)
 11244 | Lair:1   | Reached skill level 10 in Invocations
 11256 | Lair:1   | Slain by tsouns's ghost

Skill      XL: |  1  2  3  4  5  6  7  8  9 10 11 |
---------------+----------------------------------+-----
Axes           | 4 5 7 8 10 11 12 | 12.2
Fighting       | 4 5 6 8 9 |  9.4
Armour         | 4 5 6 8 9 |  9.4
Invocations    | 1 2 3 4 6 8 9 10 | 10.0
Dodging        | 1 |  1.8
Shields        | |  3.6

Action                   |  1- 3 |  4- 6 |  7- 9 | 10-12 || total
-------------------------+-------+-------+-------+-------++-------
Melee: War axe           |    55 |   122 |   329 |   432 ||   938
       Headbutt          |     2 |    12 |    77 |   107 ||   198
Invok: Lesser Servant of |       |       |     1 |     7 ||     8
       Major Destruction |       |       |       |     3 ||     3
  Use: Potion            |       |       |     1 |     1 ||     2
       Scroll            |       |       |       |    13 ||    13
 Stab: Distracted        |       |       |       |     1 ||     1
  Eat: Chunk             |       |     6 |    16 |     6 ||    28
       Ration            |       |       |       |     3 ||     3
Armor: Scale mail        |    30 |    31 |       |       ||    61
       Chain mail        |       |    20 |   178 |   188 ||   386
Dodge: Dodged            |    14 |    26 |    77 |    61 ||   178
Block: Shield            |    18 |    57 |   158 |   162 ||   395
